 Dungeon Crawl Stone Soup version 0.28.0-45-g0d030f2227 (webtiles) character file.

Game seed: 13618473032635812416

4244 MeArio the Fighter (level 10, 0/91 HPs)
             Began as a Minotaur Fighter on Apr 12, 2022.
             Was an Initiate of Yredelemnul.
             Slain by an acid dragon (12 damage)
             ... on level 8 of the Dungeon on Apr 13, 2022.
             The game lasted 00:34:14 (9616 turns).

MeArio the Fighter (Minotaur Fighter)               Turns: 9616, Time: 00:34:14

Health: 0/91       AC:  4    Str: 26    XL:     10   Next: 9%
Magic:  9/9        EV: 10    Int:  5    God:    Yredelemnul [......]
Gold:   1266       SH: 11    Dex:  9    Spells: 9/9 levels left

rFire   + . .      SeeInvis .   a - +1 long sword (drain)
rCold   + . .      Faith    .   c - +0 buckler
rNeg    . . .      Spirit   .   b - +4 ring mail
rPois   .          Reflect  +   (helmet restricted)
rElec   .          Harm     .   f - scarf {rC+ rF+}
rCorr   .          Rampage  .   (no gloves)
Will    .....                   i - +0 pair of boots
Stlth   ..........              z - amulet of reflection
HPRegen 0.25/turn               (no ring)
MPRegen 0.11/turn               (no ring)

@: mighty, corroded
A: horns 2, retaliatory headbutt
a: Renounce Religion, Recall Undead Harvest


You were on level 8 of the Dungeon.
You worshipped Yredelemnul.
Yredelemnul was noncommittal.
You visited 2 branches of the dungeon, and saw 9 of its levels.

You collected 1266 gold pieces.

Inventory:

Hand Weapons
 a - a +1 long sword of draining (weapon)
Missiles
 g - 9 poisoned darts (quivered)
Armour
 b - a +4 ring mail (worn)
 c - a +0 buckler (worn)
 f - a scarf of resistance (worn)
 i - a +0 pair of boots (worn)
 C - a +0 chain mail
 E - a +0 cloak
Jewellery
 t - an amulet of guardian spirit
 y - an amulet of regeneration
 z - an amulet of reflection (around neck)
Wands
 h - a wand of flame (30)
 w - a wand of acid (4)
Scrolls
 e - 3 scrolls of enchant weapon
 l - 3 scrolls of enchant armour
 u - 5 scrolls of identify
 D - a scroll of fog
 F - 3 scrolls of holy word {unknown}
Potions
 d - 3 potions of might
 j - 2 potions of brilliance
 k - a potion of berserk rage {unknown}
 m - 5 potions of curing
 n - a potion of attraction {unknown}
 o - a potion of ambrosia {unknown}
 p - 3 potions of resistance {unknown}
 q - 2 potions of haste {unknown}
 r - a potion of cancellation {unknown}
 s - a potion of invisibility {unknown}
 v - 3 potions of degeneration {unknown}
 x - 2 potions of lignification {unknown}
 A - a potion of mutation {unknown}
 B - a potion of heal wounds {unknown}


   Skills:
 + Level 9.6 Fighting
 + Level 9.1 Long Blades
 + Level 9.5 Armour
 + Level 9.5 Shields


You had 9 spell levels left.
You didn't know any spells.
Your spell library contained the following spells:

 Spells                   Type           Power      Damage    Failure   Level
 Beastly Appendage        Tmut           0%         N/A       67%         1
 Wereblood                Tmut           0%         N/A       80%         2
 Mephitic Cloud           Conj/Pois/Air  0%         N/A       95%         3
 Ozocubu's Armour         Ice            0%         N/A       95%         3
 Spider Form              Tmut/Pois      0%         N/A       95%         3
 Tukima's Dance           Hex            0%         N/A       95%         3
 Cause Fear               Hex            0%         N/A       100%        4
 Hailstorm                Conj/Ice       0%         3d3       100%        4
 Ice Form                 Ice/Tmut       0%         N/A       100%        4
 Olgreb's Toxic Radiance  Pois           0%         N/A       100%        4
 Petrify                  Tmut/Erth      0%         N/A       100%        4
 Simulacrum               Ice/Necr       0%         N/A       100%        6
 Ozocubu's Refrigeration  Ice            0%         4d5       100%        7


Dungeon Overview and Level Annotations

Branches:
Dungeon (8/15)             Temple (1/1) D:4
   Lair: D:8-11

Altars:
Ashenzari
Cheibriados
Dithmenos
Elyvilon
Fedhas
Gozag
Hepliaklqana
Kikubaaqudgha
Makhleb
Nemelex Xobeh
Okawaru
Qazlal
Ru
Sif Muna
Trog
Uskayaw
Vehumet
Wu Jian
Xom
Yredelemnul
Zin
The Shining One


Innate Abilities, Weirdness & Mutations

You have a pair of horns on your head.
You reflexively headbutt those who attack you in melee.


Message History

The acid dragon bites your water moccasin zombie!
The acid dragon claws your water moccasin zombie.
The wight closely misses your water moccasin zombie.
Your water moccasin zombie bites the acid dragon but does no damage.
The wight closely misses your water moccasin zombie.
The acid dragon bites your water moccasin zombie!
The acid dragon claws your water moccasin zombie.
The wight hits your water moccasin zombie with a +3 long sword!
Your water moccasin zombie is destroyed!
The acid dragon spits acid at you. The splash of acid hits you!!
* * * LOW HITPOINT WARNING * * *
You hear an angry hiss.
You hit the wight but do no damage. Your headbutt misses the wight.
The wight closely misses you. You furiously retaliate!
You headbutt the wight. You hit the wight.
The wight is severely damaged.
You block the wight's attack.
You closely miss the wight.
The wight is severely damaged.
You block the wight's attack.
You closely miss the wight. You headbutt the wight.
You destroy the wight!
Your life force feels restored.
You barely miss the acid dragon. You block the acid dragon's attack. x2
You feel very mighty all of a sudden.
A water moccasin comes into view.
You block the acid dragon's attack. The acid dragon claws you.
* * * LOW HITPOINT WARNING * * *
You barely miss the acid dragon.
The water moccasin hisses angrily.
The acid dragon spits acid at you. The splash of acid hits you!
* * * LOW HITPOINT WARNING * * *
The acid corrodes you!
You hear an angry hiss.
As you read the scroll of fog, it crumbles to dust.
The scroll dissolves into smoke.
The acid dragon bites you!
You die...
Your body rises from the dead as a mindless zombie.

#.. #....
....... ....#
....... #####
....... .#
....... .#
##### .......
.# ##.[>##
)...... .#
#....§##.......
.#
#....§@Dz..S...
.#
#....§##§..!#.#
.#
##..§###.####
.# ##.## #.# .#
#.## #.#
####### #..#
#.## ......#
##.# #..
#####.# #.###.#
#.# #.##..#


You could see an acid dragon (catching breath) and a wight.

Vanquished Creatures
  The ghost of CInkIbrahim the Slasher, an amateur OpBe of Trog (D:6)
  7 water moccasins
  Duvessa (D:6)
  2 ice beasts
  6 sky beasts
  3 black bears
  A centaur (D:7)
  A phantom (D:6)
  3 ogres
  A scorpion (D:5)
  5 bullfrogs
  A gnoll sergeant (D:7)
  Dowan (D:6)
  3 electric eels (D:7)
  8 wights (D:8)
  3 hounds
  3 jellies
  An orc priest (D:3)
  2 bullfrog skeletons
  2 orc wizards
  2 iguanas
  Natasha (thrice) (D:3)
  2 hound skeletons (D:5)
  Robin (D:4)
  A howler monkey zombie (D:8)
  2 gnolls (D:7)
  6 adders
  An ufetubus (D:3)
  A worm (D:5)
  4 dart slugs
  10 orcs
  4 ball pythons
  4 bats
  7 endoplasms
  12 goblins
  18 hobgoblins
  3 jackals (D:2)
  8 kobolds
  5 quokkas
  2 frilled lizards
  5 rats
156 creatures vanquished.

Vanquished Creatures (collateral kills)
  A bullfrog (D:8)
  A scorpion (D:8)
  A wight (D:8)
  An electric eel (D:7)
  2 jellies
  A gnoll (D:7)
  An adder (D:6)
  An orc (D:5)
9 creatures vanquished.

Vanquished Creatures (others)
  A water moccasin zombie (D:8)
  2 spectral ice beasts
  2 bullfrog zombies (D:8)
  A black bear zombie (D:7)
  A scorpion zombie (D:5)
  An ogre zombie (D:6)
  A sky beast zombie (D:7)
  A hound zombie (D:7)
  A spectral jelly (D:7)
  2 elf zombies (D:6)
  An electric eel zombie (D:7)
  3 gnoll zombies (D:7)
  2 orc zombies (D:5)
  48 fungi (D:8)
  71 plants
138 creatures vanquished.

Grand Total: 303 creatures vanquished

Notes
Turn   | Place    | Note
-------+----------+-------------------------------------------
     0 | D:1      | MeArio the Minotaur Fighter began the quest for the Orb.
     0 | D:1      | Reached XP level 1. HP: 19/19 MP: 0/0
   138 | D:1      | Reached XP level 2. HP: 23/27 MP: 1/1
   198 | D:1      | Found a faded altar of an unknown god.
   524 | D:1      | Reached XP level 3. HP: 33/33 MP: 2/2
  1359 | D:2      | Reached XP level 4. HP: 41/41 MP: 3/3
  1993 | D:3      | Identified a scroll of acquirement
  1993 | D:3      | Acquired 969 gold pieces
  2267 | D:3      | Found a broken altar of Ashenzari.
  2291 | D:3      | Noticed Natasha
  2303 | D:3      | Killed Natasha
  2326 | D:3      | Noticed Natasha
  2339 | D:3      | Killed Natasha
  2340 | D:3      | Reached XP level 5. HP: 24/47 MP: 4/4
  2551 | D:3      | Found a shimmering altar of Xom.
  3147 | D:3      | Reached skill level 5 in Fighting
  3234 | D:3      | Noticed Natasha
  3244 | D:3      | Killed Natasha
  3245 | D:3      | Reached skill level 5 in Armour
  3347 | D:4      | Reached skill level 5 in Shields
  3876 | D:4      | Reached XP level 6. HP: 56/56 MP: 5/5
  3980 | D:4      | Noticed Robin
  4006 | D:4      | Killed Robin
  4077 | D:4      | Found a staircase to the Ecumenical Temple.
  4153 | D:4      | Found an ancient bone altar of Kikubaaqudgha.
  4334 | Temple   | Entered the Ecumenical Temple
  4431 | Temple   | Became a worshipper of Yredelemnul the Dark
  4498 | D:5      | Entered Level 5 of the Dungeon
  4498 | D:5      | Noticed a sky beast
  4522 | D:5      | Killed a sky beast
  4774 | D:5      | Noticed a sky beast
  5254 | D:5      | Reached skill level 5 in Long Blades
  5254 | D:5      | Reached XP level 7. HP: 60/62 MP: 6/6
  5524 | D:5      | Reached * piety under Yredelemnul
  6116 | D:6      | Reached XP level 8. HP: 64/71 MP: 7/7
  6139 | D:6      | Got the Collected Works on Poisonous Changing
  6221 | D:6      | Noticed Duvessa
  6236 | D:6      | Killed Duvessa
  6242 | D:6      | Noticed Dowan
  6250 | D:6      | Killed Dowan
  6371 | D:6      | Your ally Duvessa died
  6385 | D:6      | Your ally Dowan died
  6767 | D:6      | Found a runed translucent door.
  6772 | D:6      | Noticed CInkIbrahim's ghost (amateur OpBe)
  6790 | D:6      | Killed CInkIbrahim's ghost
  6924 | D:7      | Reached XP level 9. HP: 81/81 MP: 8/8
  7222 | D:7      | Found a glowing golden altar of the Shining One.
  7564 | D:7      | Reached ** piety under Yredelemnul
  7631 | D:7      | Found a glowing silver altar of Zin.
  8658 | D:7      | Found a shadowy altar of Dithmenos.
  9084 | D:8      | Got the Guide on Poison and Malediction
  9579 | D:8      | Reached XP level 10. HP: 91/91 MP: 9/9
  9616 | D:8      | Slain by an acid dragon

Illustrated notes

Levels and vault maps discovered:
D:1:      sevenhm_arrival_forest_fort_small_1, layout_rooms,
          hellmonk_ecumenical_altar_slurped_away, kennysheep_another_room,
          minmay_quantized
D:2:      layout_loops_ring, kennysheep_small_spiral, grunt_ministairs_15
D:3:      layout_basic, old_standard_altar, mainiacjoe_overflow_brackets,
          uniq_natasha
D:4:      layout_cave_pools, kiku_gazebo_pond_becter, temple_fountains,
          kennysheep_generic_room_3, uniq_robin
D:5:      layout_cave_pools, serial_park_tiny_1, columned_hall_lemuel
D:6:      layout_loops_ring, ebering_ghost_sewer_d, feat_on_display,
          uniq_duvessa
D:7:      layout_basic, tso_altar, old_standard_altar, zin_academy,
          chequers_big_river
D:8:      layout_loops_ring, due_lair_maze_entry_diamond
Temple:   eino_temple_scatter_basement

Skill      XL: |  1  2  3  4  5  6  7  8  9 |
---------------+----------------------------+-----
Armour         | 4 5 6 7 9 |  9.5
Fighting       | 4 5 6 7 9 |  9.6
Shields        | 4 5 6 7 9 |  9.5
Long Blades    | 3 4 5 6 7 9 |  9.1

Action                   |  1- 3 |  4- 6 |  7- 9 | 10-12 || total
-------------------------+-------+-------+-------+-------++-------
Melee: Long sword        |    89 |   177 |   217 |    16 ||   499
       Headbutt          |    13 |    20 |    35 |     2 ||    70
Invok: Recall Undead Har |       |       |     1 |       ||     1
Evoke: Wand              |       |       |     8 |       ||     8
  Use: Scroll            |       |    12 |     3 |     1 ||    16
       Potion            |       |     1 |       |     1 ||     2
Armor: Scale mail        |    28 |   107 |    48 |       ||   183
       Ring mail         |       |       |     9 |     7 ||    16
       Chain mail        |       |       |     7 |       ||     7
Dodge: Dodged            |    38 |    80 |    67 |     7 ||   192
Block: Buckler           |    13 |    38 |    76 |    11 ||   138
       Reflection        |       |       |     1 |       ||     1
